 Seeded DCSS version 0.30.2 (webtiles) character file.

Game seed: 5728587712375424847 (custom seed)

20 porpoise the Shooter (level 2, 21/21 (23) HPs)
             Began as a Demonspawn Hunter on Jan 30, 2024.
             Quit the game on level 1 of the Dungeon.
             The game lasted 00:01:35 (403 turns).

porpoise the Shooter (Demonspawn Hunter)             Turns: 403, Time: 00:01:35

HP:   21/21 (23)    AC:  4    Str: 11    XL:     2   Next: 58%
MP:   2/2           EV: 12    Int: 10    God:
Gold: 27            SH:  0    Dex: 16    Spells: 1/1 levels left

rFire   . . .        a - +0 shortbow
rCold   . . .        (shield currently unavailable)
rNeg    . . .        c - +0 leather armour
rPois   .            (helmet restricted)
rElec   .            g - +0 cloak
rCorr   .            (no gloves)
SInv    .            (no boots)
Will    .....        (no amulet)
Stlth   ++           (no ring)
HPRegen 0.23/turn    (no ring)
MPRegen 0.08/turn

%: no passive effects
@: drained
A: horns 1
a: no special abilities


You were on level 1 of the Dungeon.
You visited 1 branch of the dungeon, and saw 1 of its levels.

You collected 27 gold pieces.

Inventory:

Hand Weapons
 a - a +0 shortbow (weapon)
 f - a +1 short sword of speed
Armour
 c - a +0 leather armour (worn)
 g - a +0 cloak (worn)
Scrolls
 b - a scroll of immolation
 h - a scroll of poison {unknown}
Potions
 d - a potion of mutation {unknown}
 e - 2 potions of flight


   Skills:
 + Level 2.3 Fighting
 + Level 3.8 Ranged Weapons
 + Level 2.1 Dodging
 + Level 1.4 Stealth


You had one spell level left.
You didn't know any spells.
Your spell library contained the following spells:

 Spells                   Type           Power      Damage    Failure   Level
 Lesser Beckoning         Tloc           0%         N/A       58%         2
 Gell's Gravitas          Tloc           0%         N/A       83%         3
 Teleport Other           Tloc           0%         N/A       83%         3


Dungeon Overview and Level Annotations

Branches:
Dungeon (1/15)

Altars:


Innate Abilities, Weirdness & Mutations

You have a pair of small horns on your head.


Message History

An endoplasm comes into view.
Found 10 gold pieces.
You shoot an arrow. The arrow hits the endoplasm!
You kill the endoplasm!
No target in view!
An endoplasm comes into view.
You shoot an arrow. The arrow hits the endoplasm!
You kill the endoplasm!
No target in view!
No target in view!
A rat comes into view.
Found 4 gold pieces.
You shoot an arrow. The arrow hits the rat.
You kill the rat!
No target in view!
No target in view!
You now have 23 gold pieces (gained 10).
You now have 27 gold pieces (gained 4).
An endoplasm comes into view.
You shoot an arrow. The arrow hits the endoplasm!
You kill the endoplasm!
No target in view!
A hobgoblin comes into view.
You shoot an arrow. The arrow hits the hobgoblin.
The hobgoblin is almost dead.
You shoot an arrow. The arrow hits the hobgoblin.
You kill the hobgoblin!
No target in view!
A rat comes into view.
Found a scroll labelled CITIRI BENOTAR.
You shoot an arrow. The arrow hits the rat.
You kill the rat!
No target in view!
No target in view!
Found a whip.
Found a stone staircase leading down.
i - a scroll labelled CITIRI BENOTAR This is a scroll of acquirement!
Something appears at your feet!
Unknown command.
Are you sure you want to abandon this character and quit the game? (Confirm with "yes".)

8......
.......................#
##....#
####.##..####.#.#.#.# .#
##....# #.##..........
......# # #..#..##.#.#.
###...# #..#...# .#
#..#...# #..#...#
####.#..#...#.# ###.
.......@....†.. ....
.)...#..#...#.. ###.
###.....#.#.>.. #......
. ..# #...... ## ##
#..#.### ...#. ......


There were no monsters in sight!

Vanquished Creatures
  2 ball pythons (D:1)
  A bat (D:1)
  3 endoplasms (D:1)
  3 goblins (D:1)
  3 hobgoblins (D:1)
  A kobold (D:1)
  2 rats (D:1)
  A spectral hobgoblin (D:1)
16 creatures vanquished.

Notes
Turn   | Place    | Note
-------+----------+-------------------------------------------
     0 | D:1      | porpoise the Demonspawn Hunter began the quest for the Orb.
     0 | D:1      | Reached XP level 1. HP: 16/16 MP: 1/1
   111 | D:1      | Reached skill level 1 in Stealth
   237 | D:1      | Gained mutation: You have a pair of small horns on your
                  | head. [demonic ancestry]
   237 | D:1      | Reached XP level 2. HP: 22/22 MP: 2/2
   281 | D:1      | Found a faded altar of an unknown god.
   402 | D:1      | Identified a scroll of acquirement
   402 | D:1      | Acquired 766 gold pieces
   403 | D:1      | Quit the game

Illustrated notes

Levels and vault maps discovered:
D:1:      scummos_arrival_simple_crosswalls, layout_basic,
          dreamdust_ecumenical_altar_drowned_temple, dreamdust_mushroom_princess

Skill      XL: |  1 |
---------------+----+-----
Stealth        | 1 |  1.4
Dodging        | 2 |  2.1
Fighting       | |  2.3
Ranged Weapons | |  3.8

Action                     || total
---------------------------++-------
   Fire: Shortbow          ||    44
    Use: Scroll            ||     2
 Armour: Leather armour    ||     2
  Dodge: Dodged            ||     6
